[Event "Women Accentus DAQ Rapid 2022"]
[Site "Biel"]
[Date "2022.07.12"]
[Round "3.1"]
[White "Cornileau, Juliette"]
[Black "Avilova, Yulia"]
[Result "0-1"]
[ECO "D35"]
[WhiteElo "1896"]
[BlackElo "1375"]
[Annotator "NA"]
[PlyCount "122"]
[EventDate "2022.07.11"]
[EventType "tourn"]
[EventCountry "SUI"]
[SourceTitle "playchess.com"]
[Source "ChessBase"]
[SourceQuality "1"]
[TimeControl "900+5"]

1. d4 d5 2. c4 e6 3. Nc3 Nf6 4. cxd5 exd5 5. Bg5 Be7 6. e3 O-O 7. Bd3 b6 8. Qc2 h6 9. Bh4 c5 10. Nge2 c4 11. Bf5 Bxf5 12. Qxf5 g6 13. Qf3 g5 14. Bg3 Nc6 15. h4 g4 16. Qf5 Nb4 17. O-O Qc8 18. Qxc8 Raxc8 19. Be5 Nd7 20. Bg3 Nf6 21. Nf4 Rfd8 22. a3 Na6 23. Nfe2 Nc7 24. Be5 a6 25. Ng3 Nfe8 26. Nf5 Bf8 27. f3 h5 28. fxg4 hxg4 29. Rf4 f6 30. Rxg4+ Kh7 31. Bf4 Ne6 32. Kf2 Nxf4 33. Rxf4 Ng7 34. Nxg7 Bxg7 35. Rf5 Re8 36. Nxd5 Rc6 37. h5 b5 38. Rh1 Kh6 39. Rf3 Rd6 40. Nc3 Rde6 41. Rhh3 Rb8 42. Rfg3 a5 43. Rg6+ Kh7 44. Rhg3 Re7 45. Nd5 Rf7 46. Nf4 b4 47. axb4 axb4 48. Ne6 Bh6 49. Nc5 c3 50. b3 Re8 51. Nd3 Rfe7 52. Nf4 c2 53. Nd3 Bxe3+ 54. Kf1 c1=Q+ 55. Nxc1 Bxc1 56. Rxf6 Bb2 57. Rd6 Re1+ 58. Kf2 R8e2+ 59. Kf3 Re3+ 60. Kg4 Re4+ 61. Kh3 Rh1# 0-1

[Event "Women Accentus DAQ Rapid 2022"]
[Site "Biel"]
[Date "2022.07.12"]
[Round "3.2"]
[White "Sumarriva Paulin, Laura"]
[Black "Zhuang, Yongzhe"]
[Result "1/2-1/2"]
[ECO "C54"]
[WhiteElo "1827"]
[BlackElo "1838"]
[Annotator "NA"]
[PlyCount "88"]
[EventDate "2022.07.11"]
[EventType "tourn"]
[EventCountry "SUI"]
[SourceTitle "playchess.com"]
[Source "ChessBase"]
[SourceQuality "1"]
[TimeControl "900+5"]

1. e4 e5 2. Bc4 Nf6 3. d3 Nc6 4. Nf3 h6 5. c3 Bc5 6. b4 Bb6 7. a4 a6 8. O-O O-O 9. a5 Ba7 10. h3 d6 11. Nbd2 Be6 12. Bxe6 fxe6 13. Nc4 Qe7 14. Be3 Qf7 15. Rb1 Bxe3 16. fxe3 Na7 17. Ncd2 Nc6 18. d4 Qg6 19. dxe5 Nxe5 20. Nxe5 dxe5 21. Qc2 Rad8 22. b5 Qg5 23. Nc4 Rd7 24. bxa6 bxa6 25. Rbd1 Rxd1 26. Rxd1 Qg6 27. Nxe5 Qxe4 28. Qxe4 Nxe4 29. Rd7 Nxc3 30. Rxc7 Nd5 31. Rc6 Nxe3 32. Rxe6 Ra8 33. Nd7 Nc4 34. Nb6 Nxb6 35. axb6 Rb8 36. Kf2 Kf7 37. Rc6 a5 38. Rc7+ Kf6 39. b7 a4 40. Rc4 Rxb7 41. Rxa4 Rb3 42. Ra5 Kg6 43. Rc5 Ra3 44. Rb5 Rc3 1/2-1/2

[Event "Women Accentus DAQ Rapid 2022"]
[Site "Biel"]
[Date "2022.07.12"]
[Round "3.3"]
[White "Tamrazyan, Gohar"]
[Black "Ciarletta, Iris"]
[Result "1-0"]
[ECO "D00"]
[WhiteElo "1578"]
[BlackElo "1557"]
[Annotator "NA"]
[PlyCount "91"]
[EventDate "2022.07.11"]
[EventType "tourn"]
[EventCountry "SUI"]
[SourceTitle "playchess.com"]
[Source "ChessBase"]
[SourceQuality "1"]
[TimeControl "900+5"]

1. d4 Nf6 2. Nc3 d5 3. Bf4 c5 4. e4 dxe4 5. dxc5 Qxd1+ 6. Rxd1 Bd7 7. Nb5 Na6 8. a3 Bc6 9. b4 Nd5 10. Bg3 g6 11. Bc4 e6 12. Nd6+ Bxd6 13. Bxd6 Nac7 14. Ne2 Nb5 15. Bxb5 Bxb5 16. Nd4 Bc4 17. Kd2 Kd7 18. h4 f6 19. Rhe1 e3+ 20. fxe3 e5 21. Ne2 Ke6 22. Nc3 Rhd8 23. Nxd5 Bxd5 24. e4 Bc6 25. Ke3 f5 26. exf5+ gxf5 27. Kf2 e4 28. Ke3 Rg8 29. g3 Rad8 30. Bf4 Ba4 31. Rxd8 Rxd8 32. Re2 Rd7 33. Rd2 Rd5 34. c4 Rxd2 35. Kxd2 h5 36. Kc3 a6 37. Kd4 Bb3 38. b5 axb5 39. cxb5 Ba4 40. Kc4 Bd1 41. Kb4 Be2 42. a4 Kd5 43. Be3 Bd1 44. a5 Ke6 45. a6 Kd7 46. a7 1-0

[Event "Women Accentus DAQ Rapid 2022"]
[Site "Biel"]
[Date "2022.07.12"]
[Round "3.4"]
[White "Moracchini, Margaux"]
[Black "Kostina, Veronika"]
[Result "1/2-1/2"]
[ECO "B10"]
[WhiteElo "1823"]
[BlackElo "1883"]
[Annotator "NA"]
[PlyCount "169"]
[EventDate "2022.07.11"]
[EventType "tourn"]
[EventCountry "SUI"]
[SourceTitle "playchess.com"]
[Source "ChessBase"]
[SourceQuality "1"]
[TimeControl "900+5"]

1. e4 c5 2. c3 e6 3. d4 cxd4 4. cxd4 d5 5. exd5 Qxd5 6. Nc3 Qd8 7. Bb5+ Bd7 8. Bc4 Nf6 9. Nf3 Bb4 10. O-O O-O 11. Bg5 h6 12. Bh4 Bxc3 13. bxc3 Bc6 14. Ne5 Nbd7 15. Nxd7 Qxd7 16. Bxf6 gxf6 17. Qh5 Kh7 18. Bd3+ f5 19. Rfe1 Rg8 20. Bf1 Rg5 21. Qe2 Rag8 22. f3 Qd6 23. Kh1 Rh5 24. Qe5 Qxe5 25. Rxe5 Rhg5 26. h3 Kg7 27. Bb5 Bxb5 28. Rxb5 Kf6 29. Rg1 b6 30. Rb2 Rc8 31. Rc2 Rc4 32. Re1 Rg8 33. Kg1 Rgc8 34. Re3 b5 35. a3 a5 36. Kf2 Rxd4 37. Rb2 Rd5 38. Ke2 Rc4 39. Rd3 Re5+ 40. Kd2 Ra4 41. Rb3 Rc5 42. Rd8 Re5 43. Rb8 b4 44. cxb4 axb4 45. R8xb4 Raa5 46. Rd4 Rec5 47. Rbd3 Rc8 48. a4 Rca8 49. Ra3 Rg8 50. g4 fxg4 51. Rxg4 Rd8+ 52. Ke3 Re5+ 53. Kf2 Rd2+ 54. Kg3 Ra5 55. Rf4+ Kg6 56. Rg4+ Kf6 57. Rf4+ Kg6 58. Rb4 h5 59. Rb5 Rd5 60. Rb8 Rd4 61. Rb5 Raxa4 62. Rxa4 Rxa4 63. Re5 Ra6 64. Rc5 f6 65. Rb5 e5 66. Rb4 Rd6 67. Rb8 Rd4 68. h4 Rf4 69. Rg8+ Kh7 70. Re8 Kg7 71. Re7+ Kg6 72. Re8 Ra4 73. Rg8+ Kh7 74. Rf8 Kg7 75. Re8 Ra7 76. Rc8 Kg6 77. Rd8 Rg7 78. Ra8 Kf5+ 79. Kf2 Rd7 80. Rh8 Kg6 81. Rg8+ Rg7 82. Ra8 Rh7 83. Re8 Kf5 84. Rb8 Rh6 85. Rb7 1/2-1/2